 Dungeon Sprint DCSS version 0.28-a0-8-g6e044cfa68 (webtiles) character file.

Game seed: 12908544990027301120

65452 mhtbhm the Hoplite (level 14, -14/147 HPs)
             Began as a Minotaur Fighter on July 23, 2021.
             Was the Champion of Qazlal.
             Killed from afar by a purple draconian (34 damage)
             ... with a bolt of dispelling energy
             ... in the Dungeon (Sprint VII: "The Pits").
             The game lasted 00:11:45 (5014 turns).

mhtbhm the Hoplite (Minotaur Fighter)               Turns: 5014, Time: 00:11:45

Health: -14/147    AC: 31    Str: 26    XL:     14   Next: 75%
Magic:  17/26      EV: 14    Int:  5    God:    Qazlal [******]
Gold:   45         SH: 25    Dex: 10    Spells: 13/13 levels left

rFire   . . .      SeeInvis .   a - +12 Maxwell's thermic engine {flame, freeze}
rCold   + . .      Faith    .   c - +0 kite shield
rNeg    . . .      Spirit   .   b - +15 Maxwell's patent armour {-Cast -Tele rElec Will+ rCorr}
rPois   .          Reflect  .   (helmet restricted)
rElec   +          Harm     .   n - +1 cloak
rCorr   +          Rampage  +   u - +4 pair of gloves "Atuxi" {Fly rElec}
Will    ++...      NoTele   +   E - +0 pair of boots {rampage} Stlth ..........NoCast +
                                C - amulet of the acrobat
HPRegen 0.34/turn               p - +3 ring of evasion
MPRegen 0.20/turn               w - ring of protection from cold

@: lethally poisoned (-14 -> -15), corroded, flying, repel missiles
A: horns 2, retaliatory headbutt
a: Renounce Religion, Upheaval, Elemental Force, Disaster Area


You were in the Dungeon.
You worshipped Qazlal.
Qazlal was exalted by your worship.
You visited 1 branch You collected 45 gold pieces.

Inventory:

Hand Weapons
 a - the +12 Maxwell's thermic engine (weapon) {flame, freeze}
   (You found it in the Dungeon)

   It burns those it strikes, dealing additional fire damage.
   Big, fiery blades are also staple armaments of hydra-hunters.
   It freezes those it strikes, dealing additional cold damage.
   It can also slow down cold-blooded creatures.
   It becomes more effective when it hits something.
   This effect fades over time.
 D - a +3 demon blade of draining
Missiles
 s - 11 silver javelins (quivered)
 t - a curare-tipped dart
Armour
 b - the +15 Maxwell's patent armour (worn) {-Cast -Tele rElec Will+ rCorr}
   (You found it in the Dungeon)

   rElec:     It insulates you from electricity.
   -Cast:     It prevents spellcasting.
   -Tele:     It prevents most forms of teleportation.
   rCorr:     It protects you from acid and corrosion.
   Will:      It increases your willpower.
 c - a +0 kite shield (worn)
 n - a +1 cloak (worn)
 u - the +4 pair of gloves "Atuxi" (worn) {Fly rElec}
   (You found it in the Dungeon)

   rElec:     It insulates you from electricity.
   Fly:       It grants you flight.
 E - a +0 pair of boots of rampaging (worn)
Jewellery
 p - a +3 ring of evasion (left hand)
 w - a ring of protection from cold (right hand)
 y - a ring of ice
 C - an amulet of the acrobat (around neck)
Wands
 o - a wand of polymorph (1)
Scrolls
 j - a scroll of blinking
 l - 5 scrolls of amnesia
 m - a scroll of summoning
 v - 3 scrolls of identify
 z - 6 scrolls of enchant weapon
 A - 3 scrolls of fear
Potions
 d - a potion of might
 e - 9 potions of curing
 f - 12 potions of heal wounds
 g - 5 potions of haste
 h - 3 potions of magic
 i - 3 potions of berserk rage
 k - a potion of invisibility
 x - a potion of mutation
Miscellaneous
 q - a phantom mirror
 B - a tin of tremorstones (2/2)


   Skills:
 + Level 19.7 Fighting
 + Level 21.4 Long Blades
 + Level 17.0 Armour
 + Level 9.9 Dodging
 + Level 7.4 Stealth
 + Level 22.2 Shields
 + Level 2.8 Unarmed Combat
 * Level 19.3 Invocations


You had 13 spell levels left.
You didn't know any spells.
Your spell library contained the following spells:

 Spells                   Type           Power      Damage    Failure   Level
 Ensorcelled Hibernation  Hex/Ice        0%         N/A       99%         2
 Spider Form              Tmut/Pois      0%         N/A       100%        3
 Shadow Creatures         Summ           N/A        N/A       100%        6


Dungeon Overview and Level Annotations

Branches:
Dungeon (1/1)

Altars:
Ashenzari
Cheibriados
Dithmenos
Elyvilon
Fedhas
Gozag
Hepliaklqana
Kikubaaqudgha
Makhleb
Nemelex Xobeh
Okawaru
Qazlal
Ru
Sif Muna
Trog
Uskayaw
Vehumet
Wu Jian
Xom
Yredelemnul
Zin
The Shining One
Beogh
Jiyva
Lugonu


Innate Abilities, Weirdness & Mutations

You have a pair of horns on your head.
You reflexively headbutt those who attack you in melee.


Message History

A hell knight comes into view. It is wielding a +5 battleaxe.
The hell knight mumbles some strange words.
The hell knight blinks!
The fire dragon bites you but does no damage.
You block the fire dragon's attack.
The fire dragon tramples you but does no damage.
The hell knight moves out of view.
Your Armour skill increases to level 17!
Your Shields skill increases to level 22!
Unknown command.
Unknown command.
Unknown command.
Unknown command.
You hit the fire dragon. You freeze the fire dragon.
The fire dragon is moderately wounded.
You feel sick.
You hear a shout! x2
You block the purple draconian's attack.
You open the fire dragon like a pillowcase!!!
You burn the fire dragon. You freeze the fire dragon.
The fire dragon is severely wounded.
You feel sick.
The fire dragon bites you but does no damage.
You block the fire dragon's attack. x2
You hit the fire dragon. You freeze the fire dragon.
Your headbutt misses the fire dragon.
The fire dragon is almost dead.
The purple draconian misses you. You furiously retaliate!
You headbutt the purple draconian!
A nagaraja comes into view. It is wielding a +0 halberd.
The fire dragon breathes flames at you. The blast of flame hits you!!!
* * * LOW HITPOINT WARNING * * *
Unknown command.
Unknown command.
You feel much better.
You feel sick.
The purple draconian breathes dispelling energy at you.
The bolt of dispelling energy hits you!!
Your magical effects are unravelling.
You die...

+..#....#..# #.
+..........##########.
#..........##........
#..#....#..##...≈.N§ '..........#
..... '..........#####')###
#..#....#..##.°.).☼.##
#..........)≈.○°§d...##
#........≈.≈.§.§@D{§..#
###''####'≈############
###''####')######################
#......##...)....................
#.#†##.##........................
#.#=[+.##..##############)'######
# +}|# ##..#))#).#))))#...)).#[.[
#)|+ #..#))#))##''##.))[..##''
+))# #..#.....#....#..).[.#...


You could see a purple draconian (catching breath), a fire dragon (catching
breath) and a nagaraja.

Vanquished Creatures
  A profane servitor (D)
  Jory (D)
  A deep elf blademaster (D)
  An acid blob (D)
  A deep elf master archer (D)
  A titan (D)
  2 nagarajas (D)
  A frost giant (D)
  An iron dragon (D)
  2 ghouls (D)
  An angel (D)
  2 emperor scorpions (D)
  2 orc warlords (D)
  A war gargoyle (D)
  A minotaur (D)
  A deep elf demonologist (D)
  A vampire knight (D)
  A deep elf death mage (D)
  4 naga warriors (D)
  A yaktaur captain (D)
  2 vault guards (D)
  A boulder beetle (D)
  A two-headed ogre (D)
  A merfolk aquamancer (D)
  A merfolk avatar (D)
  2 hell knights (D)
  A sixfirhy (D)
  A death drake (D)
  A shadow wraith (D)
  A lindwurm (D)
  2 spriggan druids (D)
  A sea snake (D)
  A deep troll (D)
  A deep elf pyromancer (D)
  A bog body (D)
  10 orc knights (D)
  An elephant (D)
  A rust devil (D)
  2 cyclopes (D)
  A moth of wrath (D)
  An eye of devastation (D)
  Joseph (D)
  2 guardian serpents (D)
  2 smoke demons (D)
  A gargoyle (D)
  3 cane toads (D)
  Psyche (D)
  A freezing wraith (D)
  An ice devil (D)
  3 demonic crawlers (D)
  2 efreet (D)
  2 kobold demonologists (D)
  A hellwing (D)
  5 yaktaurs (D)
  A guardian mummy (D)
  2 trolls (D)
  A merfolk (D)
  A tyrant leech (D)
  A hornet (D)
  A polar bear (D)
  3 redbacks (D)
  A tarantella (shapeshifter) (D)
  An air elemental (D)
  A shadow (D)
  A flying skull (D)
  A tarantella (D)
  2 water elementals (D)
  A fire bat (D)
  A wyvern (D)
  6 yaks (D)
  3 vampire mosquitoes (D)
  Menkaure (D)
  2 chaos spawn (D)
  A warg (D)
  An acid dragon (D)
  Duvessa (D)
  2 orc warriors (D)
  A necrophage (D)
  An ogre (D)
  A sky beast (D)
  2 swamp drakes (D)
  A wolf (D)
  2 kobold brigands (D)
  A gnoll sergeant (D)
  3 scorpions (D)
  A small abomination (D)
  9 killer bees (D)
  A quasit (D)
  6 orc priests (D)
  Crazy Yiuf (D)
  4 orc wizards (D)
  3 gnolls (D)
  2 adders (D)
  An adder skeleton (D)
  A worm (D)
  4 orcs (D)
  A bat (D)
  A bat skeleton (D)
  2 bat zombies (D)
  2 quokkas (D)
  3 ball pythons (D)
  A ball python skeleton (D)
  A bat simulacrum (D)
  2 kobolds (D)
  A quokka skeleton (D)
  A rat (D)
182 creatures vanquished.

Vanquished Creatures (others)
  Frances (D)
  2 orc knights (D)
  A polar bear (D)
  A water elemental (D)
5 creatures vanquished.

Grand Total: 187 creatures vanquished

Notes
Turn   | Place    | Note
-------+----------+-------------------------------------------
     0 | D        | mhtbhm the Minotaur Fighter began the quest for the Orb.
     0 | D        | Reached XP level 1. HP: 19/19 MP: 0/0
    20 | D        | Found a bloodstained altar of Trog.
    20 | D        | Found a shimmering blue altar of Sif Muna.
    20 | D        | Found a viscous altar of Jiyva.
    20 | D        | Found a hazy altar of Hepliaklqana.
    20 | D        | Found an opulent altar of Gozag.
    21 | D        | Found a glowing golden altar of the Shining One.
    21 | D        | Found a glowing silver altar of Zin.
    21 | D        | Found a basalt altar of Yredelemnul.
    21 | D        | Found a shimmering altar of Xom.
    21 | D        | Found an ornate altar of the Wu Jian Council.
    21 | D        | Found a sacrificial altar of Ru.
    21 | D        | Found a stormy altar of Qazlal.
    21 | D        | Found an iron altar of Okawaru.
    21 | D        | Found a sparkling altar of Nemelex Xobeh.
    21 | D        | Found a burning altar of Makhleb.
    21 | D        | Found a blossoming altar of Fedhas.
    21 | D        | Found a white marble altar of Elyvilon.
    21 | D        | Found a shadowy altar of Dithmenos.
    21 | D        | Found a snail-covered altar of Cheibriados.
    23 | D        | Found a radiant altar of Vehumet.
    23 | D        | Found a corrupted altar of Lugonu.
    24 | D        | Found a hide-covered altar of Uskayaw.
    24 | D        | Found an ancient bone altar of Kikubaaqudgha.
    24 | D        | Found a broken altar of Ashenzari.
    28 | D        | Became a worshipper of Qazlal Stormbringer
    72 | D        | Reached skill level 4 in Shields
   152 | D        | Reached * piety under Qazlal
   162 | D        | Reached XP level 2. HP: 25/28 MP: 1/1
   162 | D        | Noticed a scorpion
   177 | D        | Killed a scorpion
   178 | D        | Reached skill level 5 in Fighting
   178 | D        | Reached skill level 6 in Shields
   178 | D        | Reached XP level 3. HP: 16/37 MP: 2/2
   178 | D        | Reached XP level 4. HP: 19/44 MP: 3/3
   360 | D        | Reached ** piety under Qazlal
   365 | D        | Reached skill level 1 in Dodging
   374 | D        | Reached skill level 5 in Long Blades
   448 | D        | Noticed an ogre
   458 | D        | Killed an ogre
   458 | D        | Reached *** piety under Qazlal
   459 | D        | Reached skill level 7 in Shields
   459 | D        | Reached XP level 5. HP: 38/51 MP: 4/4
   716 | D        | Noticed Crazy Yiuf
   720 | D        | Paralysed by Crazy Yiuf for 5 turns
   738 | D        | Killed Crazy Yiuf
   739 | D        | Reached skill level 8 in Shields
   741 | D        | Reached **** piety under Qazlal
   758 | D        | Noticed Duvessa
   770 | D        | Killed Duvessa
   771 | D        | Reached XP level 6. HP: 25/60 MP: 5/5
  1045 | D        | Noticed a shadow
  1049 | D        | Killed a shadow
  1050 | D        | Reached skill level 10 in Armour
  1050 | D        | Reached skill level 9 in Shields
  1055 | D        | Reached XP level 7. HP: 68/68 MP: 6/6
  1071 | D        | Reached skill level 1 in Stealth
  1071 | D        | Reached skill level 10 in Shields
  1073 | D        | Reached ***** piety under Qazlal
  1190 | D        | Noticed a demonic crawler
  1190 | D        | Noticed an ice devil
  1204 | D        | Killed a demonic crawler
  1208 | D        | Killed an ice devil
  1209 | D        | Reached skill level 10 in Long Blades
  1209 | D        | Reached skill level 11 in Shields
  1209 | D        | Reached XP level 8. HP: 68/78 MP: 7/7
  1340 | D        | Found the +2 Maxwell's thermic engine {flame, freeze}
  1472 | D        | Noticed a hornet
  1478 | D        | Killed a hornet
  1479 | D        | Reached skill level 5 in Dodging
  1479 | D        | Reached skill level 1 in Invocations
  1559 | D        | Noticed Psyche
  1561 | D        | Noticed a cyclops
  1566 | D        | Noticed a cane toad
  1569 | D        | Reached skill level 12 in Shields
  1607 | D        | Killed Psyche
  1608 | D        | Reached skill level 10 in Fighting
  1612 | D        | Killed a cyclops
  1613 | D        | Reached skill level 1 in Unarmed Combat
  1613 | D        | Reached XP level 9. HP: 21/86 MP: 9/11
  1986 | D        | Killed a cane toad
  1986 | D        | Reached ****** piety under Qazlal
  1987 | D        | Reached skill level 5 in Invocations
  2005 | D        | Reached skill level 13 in Shields
  2269 | D        | Noticed an orc knight
  2269 | D        | Noticed an efreet
  2269 | D        | Noticed a guardian mummy
  2275 | D        | Killed a guardian mummy
  2277 | D        | Noticed a troll
  2279 | D        | Killed an efreet
  2285 | D        | Killed an orc knight
  2286 | D        | Reached XP level 10. HP: 83/96 MP: 12/14
  2308 | D        | Noticed a lindwurm
  2315 | D        | Killed a lindwurm
  2316 | D        | Reached skill level 14 in Shields
  2459 | D        | Noticed a smoke demon
  2459 | D        | Noticed a guardian serpent
  2463 | D        | Killed a smoke demon
  2466 | D        | Killed a guardian serpent
  2612 | D        | Noticed a minotaur
  2619 | D        | Killed a minotaur
  2620 | D        | Reached skill level 15 in Long Blades
  2620 | D        | Reached skill level 15 in Shields
  2748 | D        | Noticed Joseph
  2749 | D        | Noticed a deep troll
  2749 | D        | Noticed a gargoyle
  2750 | D        | Noticed a rust devil
  2750 | D        | Noticed Menkaure
  2751 | D        | Noticed a boulder beetle
  2755 | D        | Reached XP level 11. HP: 92/105 MP: 16/16
  2763 | D        | Killed a deep troll
  2769 | D        | Killed Menkaure
  2789 | D        | Killed Joseph
  2792 | D        | Killed a boulder beetle
  2796 | D        | Killed a shadow wraith
  2797 | D        | Reached skill level 10 in Invocations
  2799 | D        | Reached skill level 16 in Shields
  2997 | D        | Noticed a sea snake
  3006 | D        | Killed a sea snake
  3334 | D        | Noticed a spriggan druid
  3340 | D        | Noticed a death drake
  3342 | D        | Killed a spriggan druid
  3357 | D        | Killed a death drake
  3611 | D        | Noticed a deep elf pyromancer
  3616 | D        | Killed a deep elf pyromancer
  3620 | D        | Reached skill level 17 in Shields
  3659 | D        | Noticed a sixfirhy
  3670 | D        | Killed a sixfirhy
  3717 | D        | Noticed a titan
  3717 | D        | Noticed a deep elf demonologist
  3718 | D        | Noticed a deep elf master archer
  3718 | D        | Noticed an emperor scorpion
  3718 | D        | Killed a deep elf demonologist
  3719 | D        | Reached XP level 12. HP: 115/118 MP: 11/19
  3719 | D        | Killed a deep elf master archer
  3719 | D        | Killed a titan
  3720 | D        | Reached skill level 15 in Fighting
  3720 | D        | Reached skill level 15 in Armour
  3720 | D        | Reached skill level 18 in Shields
  3725 | D        | Killed an emperor scorpion
  3795 | D        | Noticed a two-headed ogre
  3796 | D        | Found the +15 Maxwell's patent armour {-Cast -Tele rElec
                  | Will+ rCorr}
  3808 | D        | Killed a two-headed ogre
  3808 | D        | Noticed an iron dragon
  3818 | D        | Killed an iron dragon
  3819 | D        | Reached skill level 19 in Shields
  3819 | D        | Noticed a merfolk aquamancer
  3823 | D        | Noticed Frances
  3825 | D        | Killed a merfolk aquamancer
  3826 | D        | Noticed a nagaraja
  3833 | D        | Killed a nagaraja
  3834 | D        | Reached XP level 13. HP: 87/130 MP: 14/22
  3834 | D        | Noticed Jory
  3836 | D        | Killed Frances
  3843 | D        | Killed Jory
  3849 | D        | Reached skill level 15 in Invocations
  3849 | D        | Noticed an emperor scorpion
  3857 | D        | Killed an emperor scorpion
  3863 | D        | Identified the +1 flail of Conformity {freeze, rF+++ Will-
                  | rCorr Str+5}
  4070 | D        | Noticed an orc warlord
  4071 | D        | Noticed an orc warlord
  4073 | D        | Noticed a vampire knight
  4078 | D        | Reached skill level 20 in Shields
  4083 | D        | Killed a vampire knight
  4086 | D        | Killed an orc warlord
  4088 | D        | Killed an orc warlord
  4088 | D        | Noticed a deep elf death mage
  4093 | D        | Reached XP level 14. HP: 108/144 MP: 4/25
  4213 | D        | Noticed a nagaraja
  4221 | D        | Killed a nagaraja
  4222 | D        | Reached skill level 5 in Stealth
  4391 | D        | Got the +4 pair of gloves "Atuxi" {Fly rElec}
  4535 | D        | Noticed an orb of fire
  4796 | D        | Noticed a ghoul
  4796 | D        | Noticed a war gargoyle
  4809 | D        | Killed a ghoul
  4814 | D        | Killed a war gargoyle
  4845 | D        | Noticed an angel
  4846 | D        | Noticed a ghoul
  4858 | D        | Killed an angel
  4859 | D        | Reached skill level 21 in Shields
  4864 | D        | Killed a ghoul
  4980 | D        | Noticed a profane servitor
  4986 | D        | Noticed a frost giant
  4991 | D        | Killed a profane servitor
  4991 | D        | Noticed an acid blob
  5001 | D        | Noticed a deep elf blademaster
  5004 | D        | Killed an acid blob
  5006 | D        | Killed a frost giant
  5010 | D        | Killed a deep elf blademaster
  5011 | D        | Reached skill level 22 in Shields
  5013 | D        | Noticed a nagaraja
  5013 | D        | HP: 1/147 [fire dragon/blast of flame (45)]
  5014 | D        | Killed from afar by a purple draconian

Illustrated notes

Levels and vault maps discovered:
D:        pitsprint [storerooms_1, entrance_room_1, metal_vault_1, armoury_1,
          mini_pit_1, grid_room_1, main_hall_1, silver_pit, the_coven_2,
          the_vestibule_1, steel_vault_1, golden_pit, hallway_of_sentries,
          crystal_vault_3, iron_vault_5, final_vault]

Skill      XL: |  1  2  3  4  5  6  7  8  9 10 11 12 13 14 |
---------------+-------------------------------------------+-----
Fighting       | 4 5 6 7 8 9 10 11 12 14 16 18 19 | 19.7
Armour         | 4 6 8 9 10 11 12 13 14 15 16 17 | 17.0
Shields        | 4 6 7 8 9 11 12 13 15 17 19 20 22 | 22.2
Long Blades    | 3 4 6 7 8 10 11 13 15 17 19 20 21 | 21.4
Dodging        | 2 3 4 5 6 7 8 9 |  9.9
Stealth        | 1 3 7 |  7.4
Invocations    | 4 6 9 11 13 17 19 | 19.3
Unarmed Combat | 1 2 |  2.8

Action                   |  1- 3 |  4- 6 |  7- 9 | 10-12 | 13-15 || total
-------------------------+-------+-------+-------+-------+-------++-------
Melee: Falchion          |    29 |    10 |       |       |       ||    39
       Headbutt          |     5 |     6 |     7 |    40 |    23 ||    81
       Long sword        |     1 |    29 |    26 |       |       ||    56
       Double sword      |       |       |    37 |   184 |   116 ||   337
       Unarmed           |       |       |    12 |       |       ||    12
Invok: Disaster Area     |       |       |       |     3 |     6 ||     9
       Elemental Force   |       |       |       |       |     1 ||     1
Evoke: Wand              |       |       |     1 |       |       ||     1
  Use: Potion            |     1 |     3 |     3 |       |     6 ||    13
       Scroll            |       |       |       |       |     1 ||     1
 Stab: Invisible         |       |       |       |       |     8 ||     8
       Distracted        |       |       |       |       |     1 ||     1
Armor: Scale mail        |    14 |    10 |       |       |       ||    24
       Chain mail        |       |    21 |    21 |    39 |     4 ||    85
       Plate armour      |       |       |       |       |    34 ||    34
Dodge: Dodged            |     7 |    14 |    24 |    41 |    31 ||   117
       Repelled          |       |       |       |     2 |     5 ||     7
Block: Kite shield       |    20 |    41 |    58 |   160 |   113 ||   392
       Rpst.: Long sword |       |     2 |     1 |       |       ||     3
       Double sword      |       |       |     1 |     6 |     5 ||    12

Table legend: (Time is in decaauts)
 A = Elapsed time spent in this place.
 B = Non-inter-level travel time spent in this place.
 C = Inter-level travel time spent in this place.
 D = Time resting spent in this place.
 E = Time spent auto-exploring this place.
 F = Levels seen in this place.
 G = Mean time per level.
                   A        B        C        D        E       F      G
               +--------+--------+--------+--------+--------+-----+--------+
         Total |   4965 |   4965 |      0 |   3115 |    104 |   1 | 4965.0 |
       Dungeon |   4965 |   4965 |      0 |   3115 |    104 |   1 | 4965.0 |
               +--------+--------+--------+--------+--------+-----+--------+

Top non-repeatable levels by time:
       D: 4965 daAuts
